AoeStats
← [NICE_ASS] BigMasi

Enclosed

506602165Analyzed
1v1 RM · 18d ago on Sep 14, 2026· 42m 7s· 2 players
Game mode
Random Map
Map size
Tiny (2 player)
Population
200
Speed
Normal
Resources
Standard
Victory
Conquest
Starting age
Dark Age
Ending age
Imperial Age
RankedLock teamsTeams togetherTeam positionsShared explorationLock speedFull tech treeHidden civsTurbo modeCheats
Victory
Defeat
🇨🇭 Georgians · Switzerland
1193
+16
🇧🇪 Persians · Belgium
1200
-16
[NICE_ASS] BigMasi
7:32 Loom
10:56 Feudal Age
13:04 Horse Collar
14:54 Fletching
20:55 Scale Barding Armor
24:04 Castle Age
26:37 Double-Bit Axe
26:43 Gold Mining
27:27 Bodkin Arrow
27:38 Scale Barding Armor
28:58 Wheelbarrow
37:48 Imperial Age
36:45 Chain Barding Armor
36:36 Forging
37:37 Hand Cart
37:07 Town Watch
37:45 Bloodlines
37:38 Husbandry
37:43 Light Cavalry
38:36 Scale Mail Armor
39:13 Plate Barding Armor
39:14 Conscription
39:09 Cavalier
43:02 Iron Casting
gil.lejeune
9:56 Feudal Age
11:17 Loom
12:13 Double-Bit Axe
12:57 Horse Collar
20:27 Castle Age
21:38 Wheelbarrow
21:15 Stone Mining
21:17 Gold Mining
24:58 Town Watch
27:16 Hand Cart
27:55 Bow Saw
27:42 Fletching
30:10 Kamandaran
31:34 Bodkin Arrow
32:01 Ballistics
31:29 Crossbowman
33:22 Thumb Ring
34:09 Padded Archer Armor
40:02 Imperial Age
39:27 Leather Archer Armor
Connection lost

Rejoining the realm…

Still unreachable

The connection could not be restored.

Session expired

The server has moved on; the page needs a fresh start.